AoeStats
← Cyborg Ninja Guardia Sivil

Arabian Desert

510291737Analyzed
1v1 RM · 1d ago on Sep 30, 2026· 50m 24s· 2 players
Game mode
Random Map
Map size
Tiny (2 player)
Population
200
Speed
Normal
Resources
Standard
Victory
Conquest
Starting age
Dark Age
Ending age
Imperial Age
RankedLock teamsTeams togetherTeam positionsShared explorationLock speedFull tech treeHidden civsTurbo modeCheats
Victory
Defeat
🇳🇴 Khmer · Norway
1035
+16
1030
-16
Cyborg Ninja Guardia Sivil
8:30 Loom
10:29 Feudal Age
12:16 Double-Bit Axe
16:41 Wheelbarrow
21:00 Castle Age
19:37 Fletching
20:34 Scale Barding Armor
20:31 Padded Archer Armor
21:46 Husbandry
22:25 Horse Collar
22:52 Gold Mining
24:14 Chain Barding Armor
24:09 Elite Skirmisher
25:31 Bow Saw
26:40 Bodkin Arrow
27:29 Leather Archer Armor
30:49 Scale Mail Armor
31:27 Forging
31:19 Squires
33:41 Iron Casting
35:21 Hand Cart
35:06 Arson
36:32 Heavy Plow
40:27 Imperial Age
38:31 Pikeman
39:25 Scale Mail Armor
40:39 Cavalier
43:55 Chemistry
44:00 Heavy Camel Rider
44:16 Halberdier
47:43 Ring Archer Armor
47:27 Bracer
47:36 Stone Mining
48:27 Gold Shaft Mining
Sverre
8:06 Loom
11:18 Feudal Age
11:53 Horse Collar
12:01 Double-Bit Axe
19:42 Castle Age
17:52 Scale Mail Armor
18:47 Forging
19:19 Bloodlines
19:18 Scale Barding Armor
20:45 Chain Barding Armor
21:15 Elite Skirmisher
22:00 Padded Archer Armor
22:08 Husbandry
23:07 Fletching
23:53 Bow Saw
29:23 Heavy Plow
33:19 Ballistics
37:12 Imperial Age
34:51 Bodkin Arrow
35:32 Iron Casting
35:48 Wheelbarrow
36:16 Light Cavalry
37:56 Gold Mining
40:09 Hussar
41:28 Plate Barding Armor
41:20 Conscription
42:00 Double Crossbow
43:58 Blast Furnace
43:40 Hand Cart
43:12 Town Watch
47:59 Elite Ballista Elephant
Connection lost

Rejoining the realm…

Still unreachable

The connection could not be restored.

Session expired

The server has moved on; the page needs a fresh start.